 Dungeon Crawl Stone Soup version 0.25-a0-10-g2fe12d4386 (webtiles) character file.

Game seed: 17349639484632048473, levelgen mode: deterministic

64397 Kohma the Unseen (level 14, -1/70 HPs)
             Began as a Spriggan Enchanter on Oct 15, 2019.
             Was the Champion of Kikubaaqudgha.
             Killed from afar by an oklob plant (11 damage)
             ... with a splash of acid
             ... on level 5 of the Lair of Beasts.
             The game lasted 01:25:24 (21339 turns).

Kohma the Unseen (Spriggan Enchanter)              Turns: 21339, Time: 01:25:24

Health: -1/70      AC:  4    Str:  5    XL:     14   Next: 71%
Magic:  34/34      EV: 33    Int: 21    God:    Kikubaaqudgha [******]
Gold:   1545       SH: 13    Dex: 28    Spells: 3/26 levels left

rFire    + . .     SeeInvis +   a - +7 dagger of Calamity {pain, rElec Str-4 Int+6}
rCold    . . .     Gourm    .   Z - +3 buckler of the Elephant {rPois Int-5 Dex+3}
rNeg     + + .     Faith    .   F - +4 troll leather armour
rPois    +         Spirit   .   (helmet restricted)
rElec    +         Reflect  .   t - scarf {repulsion}
rCorr    .         Harm     .   (gloves unavailable)
MR       ++...     NoTele   +   (boots unavailable)
Stlth    +++++++...             (no amulet)
HPRegen  0.61/turn              c - ring "Haci Neff" {*Corrode rPois rN++ MP+9 Str+4 Dex-4}
MPRegen  0.24/turn              K - ring of Beynk {-Tele *Drain rF+ Int+2 Dex+10}

@: corroded, repel missiles, very quick
A: very small, unfitting armour, see invisible, herbivore, speed 3, slow
metabolism 2
a: Receive Corpses, Torment, Brand Weapon With Pain, Receive Necronomicon,
Renounce Religion


You were on level 5 of the Lair of Beasts.
You worshipped Kikubaaqudgha.
Kikubaaqudgha was exalted by your worship.
You were not hungry.

You visited 3 branches of the dungeon, and saw 17 of its levels.
You also visited: Bailey.

You collected 1545 gold pieces.

Inventory:

Hand Weapons
 a - the +7 dagger of Calamity (weapon) {pain, rElec Str-4 Int+6}
   (You found it on level 11 of the Dungeon)

   In the hands of one skilled in necromantic magic, it inflicts extra damage on
   living creatures.
   It affects your strength (-4).
   It affects your intelligence (+6).
   It insulates you from electricity.
 b - a +6 rapier of protection
Missiles
 G - 42 poisoned darts (quivered)
 S - 3 throwing nets
Armour
 t - a scarf of repulsion (worn)
 F - a +4 troll leather armour (worn)
 Z - the +3 buckler of the Elephant (worn) {rPois Int-5 Dex+3}
   (You acquired it on level 1 of the Lair of Beasts)

   It affects your intelligence (-5).
   It affects your dexterity (+3).
   It protects you from poison.
Magical Staves
 Y - an uncursed staff of air {unknown}
Jewellery
 c - the ring "Haci Neff" (left hand) {*Corrode rPois rN++ MP+9 Str+4 Dex-4}
   (You found it on level 4 of the Dungeon)

   [ring of magical power]

   It affects your strength (+4).
   It affects your dexterity (-4).
   It protects you from poison.
   It greatly protects you from negative energy.
   It affects your magic capacity (+9).
   It may corrode you when you take damage.
 f - an uncursed ring of wizardry {unknown}
 o - a +4 ring of strength
 x - an uncursed ring of flight
 A - an uncursed ring of fire
 K - the ring of Beynk (right hand) {-Tele *Drain rF+ Int+2 Dex+10}
   (You found it in a bailey)

   [ring of intelligence]

   It affects your intelligence (+2).
   It affects your dexterity (+10).
   It protects you from fire.
   It prevents most forms of teleportation.
   It causes draining when unequipped.
 W - an uncursed ring of positive energy {unknown}
Wands
 d - a wand of acid (11)
 y - a wand of iceblast (18)
 z - a wand of random effects (36)
 D - a wand of flame (14)
 L - a wand of disintegration (5)
 R - a wand of polymorph (8)
Scrolls
 e - 6 scrolls of teleportation
 h - 10 scrolls of remove curse
 k - a scroll of summoning {unknown}
 m - a scroll of random uselessness {unknown}
 B - 7 scrolls of fear
 E - 3 scrolls of blinking
 H - 3 scrolls of enchant armour
 M - a scroll of torment
 N - a scroll of fog
 U - 2 scrolls of magic mapping
 V - a scroll of silence {unknown}
 X - 2 scrolls of enchant weapon
Potions
 g - 5 potions of flight
 i - 10 potions of curing
 j - 3 potions of might
 l - 3 potions of mutation
 n - 2 potions of brilliance
 q - 4 potions of ambrosia
 r - 4 potions of agility
 s - 4 potions of haste
 w - 3 potions of heal wounds
 C - a potion of lignification {unknown}
 I - 2 potions of resistance {unknown}
 Q - a potion of invisibility
 T - a potion of berserk rage {unknown}
Miscellaneous
 p - a lightning rod (4/4)
 u - a fan of gales
 P - 2 sacks of spiders
Comestibles
 v - 28 rations


   Skills:
 - Level 6.0 Fighting
 - Level 10.0 Short Blades
 - Level 15.0 Dodging
 - Level 15.6 Stealth
 + Level 6.3 Shields
 - Level 6.6 Spellcasting
 - Level 10.0 Hexes
 - Level 4.0 Charms
 - Level 10.0 Necromancy


You had 3 spell levels left.
You knew the following spells:

 Your Spells              Type           Power        Failure   Level  Hunger
a - Dispel Undead         Necr           #####...     8%          5    #####..
b - Ensorcelled Hibernat  Hex/Ice        ####..       3%          2    None
c - Confuse               Hex            #####...     1%          3    #......
d - Animate Dead          Necr           N/A          2%          4    ###....
e - Regeneration          Chrm/Necr      #####.....   2%          3    #......
f - Invisibility          Hex            #####...     38%         6    ######.

Your spell library contained the following spells:

 Spells                   Type           Power        Failure   Level  Hunger
 Animate Skeleton         Necr           N/A          1%          1    None
 Confusing Touch          Hex            #####.       1%          1    None
 Corona                   Hex            #####..      1%          1    None
 Pain                     Necr           ####         1%          1    None
 Sublimation of Blood     Necr           #####.....   1%          2    None
 Tukima's Dance           Hex            #####...     1%          3    #......
 Vampiric Draining        Necr           #####.....   1%          3    #......
 Dazzling Spray           Conj/Hex       ####..       6%          3    #......
 Apportation              Tloc           #.....       16%         1    None
 Summon Butterflies       Summ           #.......     16%         1    None
 Gell's Gravitas          Tloc           #.........   43%         3    #......
 Lesser Beckoning         Tloc           #.........   43%         3    #......
 Excruciating Wounds      Chrm/Necr      #####.....   26%         5    #####..
 Death Channel            Necr           #####.....   38%         6    ######.
 Metabolic Englaciation   Hex/Ice        ####......   50%         5    #####..
 Yara's Violent Unravell  Hex/Tmut       ####......   50%         5    #####..
 Petrify                  Tmut/Erth      #.......     85%         4    ###....
 Simulacrum               Ice/Necr       ####......   97%         6    ######.
 Alistair's Intoxication  Tmut/Pois      #.......     99%         5    #####..


Dungeon Overview and Level Annotations

Branches:
Dungeon (11/15)            Temple (1/1) D:5            Lair (5/6) D:10
 Shoals (0/4) Lair:2       Spider (0/4) Lair:2        Slime (0/5) Lair:5
    Orc (0/2) D:9          Bailey (visited)

Altars:
Ashenzari
Cheibriados
Dithmenos
Elyvilon
Fedhas
Gozag
Hepliaklqana
Kikubaaqudgha
Makhleb
Nemelex Xobeh
Okawaru
Qazlal
Ru
Sif Muna
Trog
Uskayaw
Vehumet
Wu Jian
Xom
Yredelemnul
Zin
The Shining One
Jiyva

Annotations:
D:8 3 runed translucent doors, exclusion: 3 doors, Gargoyl's ghost, journeyman CeAK
Lair:1 3 runed translucent doors, exclusion: 3 doors, MalarOregon's ghost, journeyman DrCj
Lair:5 exclusion: oklob plant


Innate Abilities, Weirdness & Mutations

You are very small and have problems with some larger weapons.
You are too small for most types of armour.
You have supernaturally acute eyesight. (SInv)
You are a herbivore.
You cover ground extremely quickly.
You need to consume almost no food.


Message History

* * * LOW HITPOINT WARNING * * *
Your five-headed hydra zombie bites the oklob plant!
Your five-headed hydra zombie bites the oklob plant but does no damage. x2
Your five-headed hydra zombie bites the oklob plant.
Your five-headed hydra zombie bites the oklob plant but does no damage.
What are your orders? t - Shout!
Orders for allies: a - Attack new target. r - Retreat! s - Stop attacking. g - Guard the area. f - Follow me.
Anything else - Cancel.
Gang up on whom?
Press: ? - help, Dir - move target cursor, f - oklob plant
Aim: an oklob plant (moderately damaged) Attack!
You are splashed with acid!
* * * LOW HITPOINT WARNING * * *
The oklob plant spits acid at you. The splash of acid hits you!
You die...
Kikubaaqudgha rasps: "You have failed me!
Welcome... death!"

#............##
##...P.#..P###
## #....#..###
#.# #..######
###..# #..#
#..... #..##
#..Z. #.#.#
#.P..## #..##
#?...#@###..#
.....##....##
##....###....#
#....# ##...##
#...####....#
#....##....#.#
#..###....####
#..##......#
#........###


You could see an oklob plant and a friendly five-headed hydra zombie.

Vanquished Creatures
  An orc warlord (Bailey)
  3 hydras
  Fannar (Lair:1)
  An alligator (Lair:4)
  An unseen horror (D:11)
  A wizard (D:11)
  A wolf spider (Lair:2)
  An orc sorcerer (D:11)
  A cyclops (D:11)
  9 elephants
  A gargoyle (D:10)
  A rime drake (Lair:5)
  8 spiny frogs
  4 komodo dragons
  A jumping spider (Lair:2)
  A queen bee (Lair:2)
  Prince Ribbit (D:9)
  3 trolls
  A polar bear (Lair:4)
  A dream sheep (Lair:5)
  A slime creature (Lair:4)
  9 hippogriffs
  8 blink frogs
  A spriggan (D:8)
  A redback (Lair:2)
  35 yaks
  3 wyverns
  Eustachio (D:6)
  3 basilisks
  5 hungry ghosts
  A vampire mosquito (Lair:4)
  Menkaure (D:4)
  Edmund (D:6)
  A soldier ant (D:10)
  2 swamp worms (Lair:4)
  2 phantoms
  11 water moccasins
  7 orc warriors
  5 porcupines
  A swamp drake (Lair:4)
  6 sky beasts
  A necrophage (D:7)
  5 ogres
  A black bear (D:11)
  7 wolves
  7 centaurs
  15 crocodiles
  3 big kobolds
  12 bullfrogs
  6 scorpions
  A water moccasin skeleton (D:6)
  21 killer bees
  An electric eel (Lair:1)
  6 crimson imps
  2 bullfrog zombies
  A centaur zombie (D:6)
  A jelly (D:5)
  Crazy Yiuf (D:2)
  7 hounds
  4 orc priests
  4 centaur skeletons
  9 orc wizards
  3 bullfrog skeletons
  3 hell rats (Lair:5)
  7 iguanas
  8 worker ants
  A howler monkey zombie (D:7)
  A worker ant zombie (D:10)
  5 gnolls
  18 adders
  2 river rats (Lair:5)
  2 shadow imps
  12 white imps (D:11)
  3 oozes
  An adder zombie (D:5)
  An adder skeleton (D:8)
  3 worms
  2 dart slugs (D:4)
  13 leopard geckos
  37 orcs
  A ball python (D:3)
  6 giant cockroaches
  13 goblins
  4 hobgoblins
  7 jackals
  A quokka (D:4)
  5 bats
  6 frilled lizards
  A jackal skeleton (D:4)
  A jackal zombie (D:7)
  32 kobolds
  3 leopard gecko skeletons
  A quokka skeleton (D:4)
  11 rats
476 creatures vanquished.

Vanquished Creatures (collateral kills)
  An alligator (Lair:4)
  Nergalle (Lair:2)
  2 oklob plants (Lair:5)
  An elephant (Lair:1)
  A spiny frog (Lair:2)
  A rime drake (Lair:5)
  A redback (Lair:2)
  2 yaks (Lair:3)
  A swamp worm (Lair:4)
  3 water moccasins
  A porcupine (Lair:3)
  A swamp drake (Lair:4)
  A wolf (Lair:3)
  2 centaurs (Lair:2)
  4 crocodiles (Lair:1)
  4 killer bees (Lair:2)
  An iguana (Lair:1)
  A hell rat (Lair:5)
  2 leopard geckos (Lair:1)
  6 frilled lizards (Lair:1)
  2 rats (Lair:5)
  4 fungi
  3 plants
46 creatures vanquished.

Vanquished Creatures (others)
  10 plants
10 creatures vanquished.

Grand Total: 532 creatures vanquished

Notes
Turn   | Place    | Note
-------+----------+-------------------------------------------
     0 | D:1      | Kohma the Spriggan Enchanter began the quest for the Orb.
     0 | D:1      | Reached XP level 1. HP: 9/9 MP: 5/5
   324 | D:1      | Reached XP level 2. HP: 13/13 MP: 6/6
   328 | D:1      | Learned a level 2 spell: Ensorcelled Hibernation
   410 | D:1      | Reached skill level 5 in Stealth
  1242 | D:2      | Reached XP level 3. HP: 13/16 MP: 2/8
  1985 | D:2      | Found a blossoming altar of Fedhas.
  2243 | D:2      | Reached XP level 4. HP: 21/21 MP: 9/9
  2379 | D:2      | Found a runed translucent door.
  2380 | D:2      | Noticed Crazy Yiuf
  2387 | D:2      | Killed Crazy Yiuf
  2586 | D:3      | Noticed an ice beast
  2999 | D:3      | Found a radiant altar of Vehumet.
  3012 | D:3      | Reached XP level 5. HP: 24/24 MP: 1/10
  3123 | D:3      | Found a glowing golden altar of the Shining One.
  3912 | D:3      | Found a bloodstained altar of Trog.
  4223 | D:3      | Learned a level 3 spell: Confuse
  4491 | D:4      | Found a snail-covered altar of Cheibriados.
  4548 | D:4      | Got a warped bronze ring
  4568 | D:4      | Identified the ring "Haci Neff" {*Corrode rPois rN++ MP+9
                  | Str+4 Dex-4} (You found it on level 4 of the Dungeon)
  4598 | D:4      | Found a blossoming altar of Fedhas.
  5275 | D:4      | Noticed Menkaure
  5325 | D:4      | Killed Menkaure
  5325 | D:4      | Reached skill level 5 in Short Blades
  5325 | D:4      | Reached XP level 6. HP: 28/28 MP: 7/11
  5384 | D:4      | Noticed an orc warrior
  5984 | D:4      | Found a sparkling altar of Nemelex Xobeh.
  6026 | D:4      | Killed an orc warrior
  6026 | D:4      | Reached XP level 7. HP: 32/32 MP: 9/13
  6359 | D:5      | Entered Level 5 of the Dungeon
  6406 | D:5      | Reached skill level 5 in Hexes
  7218 | D:5      | Found a shadowy altar of Dithmenos.
  7919 | D:5      | Found a staircase to the Ecumenical Temple.
  7925 | Temple   | Entered the Ecumenical Temple
  7950 | Temple   | Became a worshipper of Kikubaaqudgha
  8103 | D:5      | Reached XP level 8. HP: 36/36 MP: 11/15
  8501 | D:6      | Reached skill level 1 in Fighting
  8610 | D:6      | Found a shattered altar of Ashenzari.
  8610 | D:6      | Found a burning altar of Makhleb.
  8688 | D:6      | Reached skill level 5 in Dodging
  9151 | D:6      | Noticed Edmund
  9193 | D:6      | Killed Edmund
  9270 | D:6      | Identified a scroll of acquirement
  9323 | D:6      | Reached * piety under Kikubaaqudgha
  9323 | D:6      | Identified Kikubaaqudgha's Collected Works on Evil Rituals
                  | (Kikubaaqudgha gifted it to you on level 6 of the Dungeon)
  9323 | D:6      | Received a gift from Kikubaaqudgha
  9340 | D:6      | Reached XP level 9. HP: 33/44 MP: 16/16
  9428 | D:6      | Noticed Eustachio
  9436 | D:6      | Killed Eustachio
  9879 | D:7      | Noticed a troll
  9907 | D:7      | Killed a troll
  9907 | D:7      | Reached skill level 10 in Stealth
 10471 | D:7      | Reached ** piety under Kikubaaqudgha
 11052 | D:8      | Found a flagged portal.
 11060 | Bailey   | Entered a bailey
 11065 | Bailey   | Noticed an orc warlord
 11198 | Bailey   | Found a runed translucent gate.
 11201 | Bailey   | Found a runed translucent gate.
 11205 | Bailey   | Found a runed translucent gate.
 11266 | Bailey   | Reached skill level 5 in Spellcasting
 11266 | Bailey   | Reached XP level 10. HP: 42/49 MP: 7/18
 11707 | Bailey   | Killed an orc warlord
 11823 | Bailey   | Got a clouded turquoise ring
 11827 | Bailey   | Identified the ring of Beynk {-Tele *Drain rF+ Int+2
                  | Dex+10} (You found it in a bailey)
 12017 | D:8      | Reached skill level 5 in Fighting
 12098 | D:8      | Reached *** piety under Kikubaaqudgha
 12098 | D:8      | Identified Kikubaaqudgha's Papyrus of Dark Rituals
                  | (Kikubaaqudgha gifted it to you on level 8 of the Dungeon)
 12098 | D:8      | Received a gift from Kikubaaqudgha
 12111 | D:8      | Learned a level 4 spell: Animate Dead
 12115 | D:8      | Learned a level 3 spell: Regeneration
 12124 | D:8      | Found a runed translucent gate.
 12124 | D:8      | Found a runed translucent gate.
 12124 | D:8      | Noticed Gargoyl's ghost (journeyman CeAK)
 12124 | D:8      | Noticed a nine-headed hydra
 12125 | D:8      | Found a runed translucent gate.
 12146 | D:8      | Found a stormy altar of Qazlal.
 12151 | D:8      | Found a hide-covered altar of Uskayaw.
 12151 | D:8      | Found a sacrificial altar of Ru.
 13034 | D:9      | Found a white marble altar of Elyvilon.
 13110 | D:9      | Noticed Prince Ribbit
 13121 | D:9      | Killed Prince Ribbit
 13175 | D:9      | Found a staircase to the Orcish Mines.
 13478 | D:10     | Entered Level 10 of the Dungeon
 13532 | D:10     | Reached **** piety under Kikubaaqudgha
 13532 | D:10     | Reached XP level 11. HP: 56/56 MP: 5/22
 13671 | D:10     | Reached skill level 10 in Hexes
 13958 | D:10     | Reached skill level 10 in Short Blades
 13982 | D:10     | Found a staircase to the Lair.
 14657 | D:11     | Noticed an unseen horror
 14662 | D:11     | Killed an unseen horror
 14868 | D:11     | Noticed a wizard
 14869 | D:11     | Noticed an orc sorcerer
 14873 | D:11     | Killed a wizard
 14873 | D:11     | Reached skill level 10 in Dodging
 14882 | D:11     | Killed an orc sorcerer
 14884 | D:11     | Got a dazzling dagger
 14885 | D:11     | Identified the +7 dagger of Calamity {pain, rElec Str-4
                  | Int+6} (You found it on level 11 of the Dungeon)
 14964 | D:11     | Reached skill level 1 in Necromancy
 15271 | D:11     | Found a frozen archway.
 15579 | D:11     | Reached XP level 12. HP: 61/61 MP: 23/23
 15580 | D:11     | Reached skill level 15 in Stealth
 15580 | D:11     | Reached XP level 13. HP: 65/65 MP: 24/24
 15841 | Lair:1   | Entered Level 1 of the Lair of Beasts
 15851 | Lair:1   | Reached ***** piety under Kikubaaqudgha
 16052 | Lair:1   | Noticed Fannar
 16067 | Lair:1   | Killed Fannar
 16350 | Lair:1   | Found a runed translucent gate.
 16350 | Lair:1   | Found a runed translucent gate.
 16351 | Lair:1   | Found a runed translucent gate.
 16354 | Lair:1   | Noticed MalarOregon's ghost (journeyman DrCj)
 16354 | Lair:1   | Noticed a death ooze
 16361 | Lair:1   | Found a viscous altar of Jiyva.
 16829 | Lair:1   | Got a spiked buckler
 16835 | Lair:1   | Identified the +3 buckler of the Elephant {rPois Int-5
                  | Dex+3} (You acquired it on level 1 of the Lair of Beasts)
 16881 | Lair:1   | Reached XP level 14. HP: 70/70 MP: 25/25
 17260 | Lair:2   | Reached skill level 1 in Shields
 17969 | Lair:2   | Noticed Nergalle
 17984 | Lair:2   | Killed Nergalle
 18056 | Lair:2   | Reached skill level 10 in Necromancy
 18300 | Lair:2   | Found a hole to the Spider Nest.
 18384 | Lair:2   | Found a staircase to the Shoals.
 18755 | Lair:3   | Reached ****** piety under Kikubaaqudgha
 18870 | Lair:3   | Reached skill level 15 in Dodging
 18918 | Lair:3   | Found a hide-covered altar of Uskayaw.
 19629 | Lair:4   | Learned a level 5 spell: Dispel Undead
 19727 | Lair:4   | Reached skill level 1 in Charms
 19788 | Lair:4   | Reached skill level 5 in Shields
 20206 | Lair:4   | Learned a level 6 spell: Invisibility
 20973 | Lair:5   | Found the +8 orange crystal plate armour {Archmagi, Int+3
                  | Clar}
 21274 | Lair:5   | Found a staircase to the Slime Pits.
 21339 | Lair:5   | Killed from afar by an oklob plant

Levels and vault maps discovered:
D:1:      dpeg_arrival_simpleton_b, layout_loops_ring
D:2:      layout_rooms, nicolae_overflow_crystal_walls, uniq_crazy_yiuf_cottage
D:3:      layout_loops_ring, lemuel_round_altar, old_standard_altar,
          lemuel_doored_altar, saegor_snake_ambush
D:4:      kennysheep_spiral_hall, layout_rooms,
          nemelex_xobeh_ov_fountains_minmay, kennysheep_slug_shrine,
          minivault_26, fedhas_ov_isle_minmay, uniq_menkaure
D:5:      minmay_octagon_keep, layout_cave_pods,
          nicolae_dithmenos_shadow_blocks, minmay_temple_entry_enclosed_plants,
          first_ration, grunt_tough_drop
D:6:      layout_loops_ring, gammafunk_temple_overflow_elements, uniq_edmund,
          uniq_eustachio
D:7:      layout_basic
D:8:      layout_basic, grunt_temple_overflow_open, enter_bailey_2,
          gammafunk_ghost_hydra_chop, the_bakery
D:9:      layout_cross, orc_0_dummy, basic_altar, kennysheep_big_empty_room,
          uniq_prince_ribbit1
D:10:     layout_cave_pods, david_lair_generic
D:11:     cheibrodos_wizards_tower, layout_loops_corners,
          portal_ice_cave_entry_imps
Temple:   cyrus_temple_forest
Lair:1:   lemuel_reptile_caves, layout_chaotic_city, gammafunk_ghost_ooze,
          serial_bayou_pond_d, serial_bayou_shore_b, grunt_megastairs_2,
          serial_bayou_shore_a, infiniplex_staircase_pool_2, uniq_fannar
Lair:2:   layout_roguey [special_room_bee], minmay_shoals_entry_centaurs,
          spider_nest_entry_funnel_web, grunt_megastairs_5, uniq_nergalle
Lair:3:   layout_cave_pods, basic_altar
Lair:4:   onia_ninara_swampy_vault, layout_regular_city, st_stairs_8,
          serial_bayou_shore_b
Lair:5:   layout_misc_corridors, minmay_slime_entry_oklob_enclosed,
          kennysheep_abandoned_house

Skill      XL: |  1  2  3  4  5  6  7  8  9 10 11 12 13 14 |
---------------+-------------------------------------------+-----
Stealth        | 5 6 7 8 12 13 15 | 15.6
Short Blades   | 2 3 5 8 9 10 | 10.0
Spellcasting   | 3 4 5 6 |  6.6
Hexes          | 4 7 8 9 10 | 10.0
Fighting       | 3 6 |  6.0
Dodging        | 8 10 13 15 | 15.0
Necromancy     | 7 9 10 | 10.0
Shields        | 6 |  6.3
Charms         | 4 |  4.0

Action                   |  1- 3 |  4- 6 |  7- 9 | 10-12 | 13-15 || total
-------------------------+-------+-------+-------+-------+-------++-------
Melee: Dagger            |    77 |   133 |   170 |   101 |   378 ||   859
       Rapier            |       |       |    58 |   201 |       ||   259
 Fire: Hunting sling     |       |    11 |       |       |       ||    11
Throw: Stone             |       |     9 |     5 |     2 |       ||    16
       Dart              |       |       |    32 |    28 |       ||    60
 Cast: Ensorcelled Hiber |    23 |    38 |    99 |    90 |   178 ||   428
       Confuse           |       |     2 |    21 |    21 |    14 ||    58
       Animate Dead      |       |       |       |       |    49 ||    49
 Abil: Evoke Flight      |       |       |       |     3 |       ||     3
Evoke: Wand              |       |       |     8 |     3 |     1 ||    12
  Use: Scroll            |       |    12 |    13 |     9 |     2 ||    36
       Potion            |       |       |       |     2 |       ||     2
 Stab: Sleeping          |    17 |    40 |    67 |    61 |   102 ||   287
       Confused          |       |     2 |    11 |    11 |     9 ||    33
       Distracted        |       |       |     3 |     1 |     7 ||    11
  Eat: Ration            |       |     3 |     5 |     3 |     6 ||    17
Armor: Robe              |    10 |     8 |     6 |       |       ||    24
       Troll leather arm |       |       |     4 |    23 |    22 ||    49
Dodge: Dodged            |    63 |    82 |   191 |   245 |   356 ||   937
       Deflected         |       |       |    11 |    18 |     2 ||    31
Block: Buckler           |       |       |       |       |   215 ||   215

Table legend:
 A = Non-vault XP
 B = Vault XP
 C = Vault XP percentage of total XP
 D = Non-vault monster count
 E = Vault monster count
 F = Vault count percentage of total count
                 A         B        C        D         E       F
            +---------+---------+-------+---------+---------+-------
      Total |   34807 |   19224 |  35.6 |     345 |     170 |  33.0
            +---------+---------+-------+---------+---------+-------
        D:1 |      29 |       0 |   0.0 |      16 |       0 |   0.0
        D:2 |      89 |      44 |  33.1 |      15 |       1 |   6.2
        D:3 |     118 |       2 |   1.7 |      30 |       1 |   3.2
        D:4 |     289 |     217 |  42.9 |      14 |       6 |  30.0
        D:5 |     607 |     253 |  29.4 |      16 |      12 |  42.9
        D:6 |    1068 |     355 |  24.9 |      23 |       2 |   8.0
        D:7 |    2099 |       0 |   0.0 |      39 |       0 |   0.0
        D:8 |    1072 |     224 |  17.3 |      19 |       1 |   5.0
        D:9 |     985 |     286 |  22.5 |      20 |       1 |   4.8
       D:10 |    3378 |    1044 |  23.6 |      25 |       4 |  13.8
       D:11 |    3115 |    1380 |  30.7 |      27 |      14 |  34.1
     Lair:1 |    4801 |    5331 |  52.6 |      23 |      46 |  66.7
     Lair:2 |    3972 |    4096 |  50.8 |      17 |      33 |  66.0
     Lair:3 |    5738 |       0 |   0.0 |      30 |       0 |   0.0
     Lair:4 |    4380 |    2984 |  40.5 |      22 |      10 |  31.2
     Lair:5 |    3067 |     936 |  23.4 |       9 |      12 |  57.1
     Bailey |       0 |    2072 | 100.0 |       0 |      27 | 100.0
            +---------+---------+-------+---------+---------+-------
